 Dungeon Crawl Stone Soup version 0.20.0 (webtiles) character file.

3474 Eucla the Martial Artist (level 9, -18/74 HPs)
             Began as a Demonspawn Fighter on May 31, 2017.
             Was a Priest of Cheibriados.
             Demolished by Raine357's ghost (23 damage)
             ... on level 8 of the Dungeon.
             The game lasted 00:12:11 (8719 turns).

Eucla the Martial Artist (Demonspawn Fighter)       Turns: 8719, Time: 00:12:11

Health: -18/74     AC: 13    Str: 30    XL:     9   Next: 79%
Magic:  9/9        EV:  9    Int: 18    God:    Cheibriados [***...]
Gold:   364        SH: 13    Dex: 24    Spells: 8/8 levels left

rFire    . . .     SeeInvis .   f - +8 mace "Qeudez" {drain, *Contam Str+6}
rCold    . . .     Gourm    .   b - +0 shield
rNeg     . . .     Faith    .   c - +1 steam dragon scales
rPois    .         Spirit   .   (helmet restricted)
rElec    .         Reflect  .   (no cloak)
rCorr    .         Harm     .   l - -1 pair of gloves
MR       .....                  p - +2 pair of boots
Stlth    ++........             (no amulet)
Regen    0.3/turn               (no ring)
MPRegen  0.2/turn               (no ring)

@: very slow
A: antennae 2, talons 1, iridescent scales 2, mutation resistance 1, powered by
death 1
a: Bend Time, Temporal Distortion, Renounce Religion


You were on level 8 of the Dungeon.
You worshipped Cheibriados.
Cheibriados was most pleased with you.
You were not hungry.

You visited 1 branch of the dungeon, and saw 8 of its levels.
You also visited: Sewer.

You collected 442 gold pieces.
You spent 78 gold pieces at shops.

Inventory:

Hand Weapons
 f - the +8 mace "Qeudez" (weapon) {drain, *Contam Str+6}
   (You found it on level 5 of the Dungeon)

   A truly terrible weapon, it drains the life of those it strikes.
   It affects your strength (+6).
   It causes magical contamination when unequipped.
 E - a +1 flail of protection
Armour
 b - a +0 shield (worn)
 c - +1 steam dragon scales (worn)
 l - a -1 pair of gloves (worn)
 o - a +0 chain mail
 p - a +2 pair of boots (worn)
 x - the +1 robe "Ebaq" {+Inv rCorr Dex+2}
   (You found it on level 5 of the Dungeon)

   It affects your dexterity (+2).
   It lets you turn invisible.
   It protects you from acid and corrosion.
Jewellery
 s - an uncursed ring of wizardry
 u - an uncursed amulet of the gourmand
 A - an uncursed ring of magical power
Wands
 C - a wand of acid (10/15)
 H - a wand of paralysis (9/24)
 I - a wand of iceblast (3/15)
Scrolls
 a - 5 scrolls of remove curse
 h - 2 scrolls of identify
 k - 2 scrolls of teleportation
 n - 2 scrolls of enchant weapon
 q - 2 scrolls of fog
 r - a scroll of enchant armour
 t - 2 scrolls of recharging
 w - 2 scrolls of amnesia
 F - a scroll of random uselessness
 G - 2 scrolls of magic mapping
Potions
 d - 5 potions of curing
 e - a potion of berserk rage
 g - a potion of invisibility
 m - a potion of brilliance
 z - a potion of ambrosia
 B - 3 potions of flight
Books
 i - a book of Misfortune

   Spells                             Type                      Level
   a - Confusing Touch                Hexes                        1
   b - Confuse                        Hexes                        3
   c - Gell's Gravitas                Translocation                3
   d - Petrify                        Transmutation/Earth          4
   e - Metabolic Englaciation         Hexes/Ice                    5
   f - Yara's Violent Unravelling     Hexes/Transmutation          5
 y - a book of Geomancy

   Spells                             Type                      Level
   a - Sandblast                      Earth                        1
   b - Passwall                       Transmutation/Earth          2
   c - Stone Arrow                    Conjuration/Earth            3
   d - Petrify                        Transmutation/Earth          4
   e - Lee's Rapid Deconstruction     Earth                        5
Comestibles
 j - 6 bread rations
 v - a meat ration


   Skills:
 + Level 7.8 Fighting
 - Level 1.5 Maces & Flails
 - Level 2.6 Armour
 + Level 6.8 Shields
 * Level 9.1 Unarmed Combat


You had 8 spell levels left.
You didn't know any spells.

Dungeon Overview and Level Annotations

Branches:
Dungeon (8/15)             Temple (0/1) D:7
   Lair: D:8-11

Altars:
Cheibriados
Gozag
Hepliaklqana
Nemelex Xobeh
Okawaru
Ru
Trog
Vehumet
Xom

Shops:
D:7 ?

Annotations:
D:8 Raine357's ghost, novice MiVM


Innate Abilities, Weirdness & Mutations

You have a pair of antennae on your head.
You are mostly covered in iridescent scales. (AC +4)
You regenerate a little health from kills.
You have sharp toenails.
You are somewhat resistant to further mutation.


Message History

You block Raine357's ghost's attack. x2
Unknown command.
You hit Raine357's ghost but do no damage.
Raine357's ghost is severely damaged.
Raine357's ghost hits you but does no damage.
You hit Raine357's ghost.
Raine357's ghost is severely damaged.
You block Raine357's ghost's attack. x2
You thump Raine357's ghost!
Raine357's ghost is severely damaged.
You block Raine357's ghost's attack.
You sock Raine357's ghost!
Raine357's ghost is almost destroyed.
Raine357's ghost barely misses you.
Your shield prevents you from hitting Raine357's ghost.
Raine357's ghost is almost destroyed.
Raine357's ghost hits you!!
* * * LOW HITPOINT WARNING * * *
Raine357's ghost hits you!!
You die...

#.# #.# #.# #.# #.# #.#.#
#####.####.#.# #####
#.......##.#.#.###....
#.###.#.##.#.# ....... ##### #.#
#.#.##.#.# #.....
#####...###.###.#......# #.....
..............W@.......# #....†
#####....##.######..#..# #.....
####.##.# .....#..####.....
#.##.# #####....)).......
########.##.#.######.###)###....
........................).......
########§.........##.###.##.###.
..W....#####......#.. ####.# #.
####### . ## #.##.#####.###.


You could see Raine357's ghost.

Vanquished Creatures
  Pikel (D:7)
  The ghost of Gridlocked the Skirmisher, an amateur DsFi (D:4)
  2 steam dragons (D:7)
  Edmund (D:6)
  Duvessa (D:7)
  A sky beast (D:8)
  An orc warrior (D:5)
  The ghost of Raine357 the Skirmisher, an amateur MiVM (D:3)
  A phantom (D:8)
  An ogre (D:4)
  A centaur (D:7)
  A big kobold (Sewer)
  3 bullfrogs (D:7)
  Dowan (D:7)
  4 scorpions
  4 wights (D:7)
  A howler monkey (D:8)
  A centaur zombie (D:5)
  2 crimson imps
  2 bullfrog zombies
  6 hounds
  A jelly (D:5)
  5 orc wizards
  2 bullfrog skeletons (D:6)
  2 centaur skeletons
  4 orc priests
  An iguana (D:4)
  4 worker ants
  5 adders
  2 river rats (Sewer)
  2 oozes
  An adder skeleton (D:5)
  An adder zombie (D:8)
  6 worms
  2 dart slugs (D:1)
  6 leopard geckos
  20 orcs
  10 giant cockroaches
  6 goblins
  12 hobgoblins
  4 jackals
  8 kobolds
  3 quokkas
  5 ball pythons
  A ball python skeleton (D:6)
  3 bats (D:1)
  7 frilled lizards
  7 rats
167 creatures vanquished.

Vanquished Creatures (others)
  A phantom (D:7)
  A slave (D:7)
  An adder (D:7)
  2 orcs (D:7)
5 creatures vanquished.

Grand Total: 172 creatures vanquished

Notes
Turn   | Place    | Note
-------+----------+-------------------------------------------
     0 | D:1      | Eucla the Demonspawn Fighter began the quest for the Orb.
     0 | D:1      | Reached XP level 1. HP: 18/18 MP: 1/1
   121 | D:1      | Reached skill level 2 in Unarmed Combat
   252 | D:1      | Gained mutation: You are partially covered in iridescent scales. (AC +2) [demonic ancestry]
   252 | D:1      | Reached XP level 2. HP: 20/24 MP: 2/2
   612 | D:1      | Gained mutation: You are mostly covered in iridescent scales. (AC +4) [demonic ancestry]
   612 | D:1      | Reached XP level 3. HP: 29/29 MP: 3/3
   843 | D:1      | Gained mutation: Your magical capacity is low. (-10% MP) [potion of mutation]
   843 | D:1      | Gained mutation: You can translocate small distances at will. [potion of mutation]
   843 | D:1      | Gained mutation: You have large cloven feet. [potion of mutation]
  1582 | D:2      | Found a shimmering altar of Xom.
  1638 | D:2      | Found a radiant altar of Vehumet.
  1639 | D:2      | Found a sacrificial altar of Ru.
  1873 | D:3      | Reached skill level 3 in Unarmed Combat
  1873 | D:3      | Reached XP level 4. HP: 36/36 MP: 3/3
  2388 | D:3      | Noticed Raine357's ghost (amateur MiVM)
  2413 | D:3      | Killed Raine357's ghost
  2413 | D:3      | Gained mutation: You regenerate a little health from kills. [demonic ancestry]
  2413 | D:3      | Reached XP level 5. HP: 34/42 MP: 4/4
  2753 | D:4      | Reached skill level 4 in Unarmed Combat
  2993 | D:4      | Found a snail-covered altar of Cheibriados.
  3097 | D:4      | Reached XP level 6. HP: 47/48 MP: 5/5
  3323 | D:4      | Became a worshipper of Cheibriados the Contemplative
  3422 | D:4      | Found a sparkling altar of Nemelex Xobeh.
  3423 | D:4      | Found an opulent altar of Gozag.
  3608 | D:4      | Noticed Gridlocked's ghost (amateur DsFi)
  3620 | D:4      | Killed Gridlocked's ghost
  3620 | D:4      | Reached skill level 5 in Fighting
  3620 | D:4      | Reached skill level 5 in Unarmed Combat
  3620 | D:4      | Gained mutation: You have a pair of small antennae on your head. [demonic ancestry]
  3620 | D:4      | Reached XP level 7. HP: 56/56 MP: 6/6
  3800 | D:5      | Entered Level 5 of the Dungeon
  3815 | D:5      | Got a twisted mace
  3831 | D:5      | Identified the +8 mace "Qeudez" {drain, *Contam Str+6} (You found it on level 5 of the Dungeon)
  4205 | D:5      | Lost mutation: You have large cloven feet. [potion of mutation]
  4205 | D:5      | Lost mutation: Your magical capacity is low. (-10% MP) [potion of mutation]
  4205 | D:5      | Lost mutation: You can translocate small distances at will. [potion of mutation]
  4205 | D:5      | Gained mutation: You have sharp toenails. [potion of mutation]
  4205 | D:5      | Gained mutation: You are somewhat resistant to further mutation. [potion of mutation]
  4275 | D:5      | Got a fabulously ornate robe
  4286 | D:5      | Identified the +1 robe "Ebaq" {+Inv rCorr Dex+2} (You found it on level 5 of the Dungeon)
  4398 | D:5      | Found an iron altar of Okawaru.
  4428 | D:5      | Found an iron altar of Okawaru.
  4568 | D:5      | Reached skill level 1 in Maces & Flails
  4796 | D:5      | Reached * piety under Cheibriados
  4796 | D:5      | Reached XP level 8. HP: 56/63 MP: 8/8
  4859 | D:5      | Reached skill level 5 in Shields
  4896 | D:5      | Reached skill level 6 in Unarmed Combat
  5266 | D:6      | Found a glowing drain.
  5286 | Sewer    | Entered a sewer
  5403 | Sewer    | Found a white marble altar of Elyvilon.
  5470 | D:6      | Reached ** piety under Cheibriados
  6122 | D:6      | Noticed Edmund
  6127 | D:6      | Killed Edmund
  6180 | D:6      | Reached skill level 7 in Unarmed Combat
  6654 | D:7      | Noticed Duvessa
  6655 | D:7      | Noticed Dowan
  6908 | D:7      | Killed Duvessa
  6921 | D:7      | Killed Dowan
  7168 | D:7      | Gained mutation: You have a pair of antennae on your head. [demonic ancestry]
  7168 | D:7      | Reached XP level 9. HP: 65/71 MP: 9/9
  7191 | D:7      | Noticed Pikel
  7211 | D:7      | Killed Pikel
  7211 | D:7      | Reached skill level 8 in Unarmed Combat
  7239 | D:7      | Found a staircase to the Ecumenical Temple.
  7711 | D:7      | Reached *** piety under Cheibriados
  7781 | D:7      | Found Vapif's Magic Scroll Shoppe.
  7786 | D:7      | Bought a scroll of random uselessness for 12 gold pieces
  7786 | D:7      | Bought a scroll of identify for 24 gold pieces
  7786 | D:7      | Bought a scroll of magic mapping for 42 gold pieces
  8092 | D:8      | Found a bloodstained altar of Trog.
  8094 | D:8      | Noticed Raine357's ghost (novice MiVM)
  8491 | D:8      | Found a hazy altar of Hepliaklqana.
  8495 | D:8      | Reached skill level 9 in Unarmed Combat
  8719 | D:8      | Demolished by Raine357's ghost

Skill      XL: |  1  2  3  4  5  6  7  8  9 |
---------------+----------------------------+-----
Unarmed Combat | 2 3 4 5 7 9 |  9.1
Shields        | 3 4 5 6 |  6.8
Fighting       | 4 5 6 7 |  7.8
Maces & Flails | 1 |  1.5
Armour         | |  2.6

Action                   |  1- 3 |  4- 6 |  7- 9 || total
-------------------------+-------+-------+-------++-------
Melee: Unarmed           |   261 |   268 |     3 ||   532
       Mace              |       |       |   324 ||   324
Evoke: Wand              |       |       |     2 ||     2
  Use: Scroll            |     7 |       |    15 ||    22
       Potion            |     1 |     2 |     5 ||     8
 Stab: Sleeping          |       |       |     5 ||     5
       Distracted        |       |       |     1 ||     1
       Paralysed         |       |       |     4 ||     4
  Eat: Bread ration      |     1 |       |       ||     1
       Chunk             |       |     5 |     4 ||     9
       Royal jelly       |       |       |     1 ||     1
       Fruit             |       |       |     3 ||     3
       Meat ration       |       |       |     1 ||     1
Armor: Scale mail        |    61 |       |       ||    61
       Chain mail        |    54 |   107 |    13 ||   174
       Skin              |       |     5 |       ||     5
       Robe              |       |       |    56 ||    56
       Steam dragon scal |       |       |    77 ||    77
Dodge: Dodged            |    39 |    25 |   119 ||   183
Block: Shield            |   115 |   108 |   214 ||   437
